 Dungeon Crawl Stone Soup version 0.26.1-11-gd32895ea62 (webtiles) character file.

Game seed: 2260351309365820614

6607 Zeld the Cruncher (level 11, 0/64 HPs)
             Began as an Octopode Gladiator on May 22, 2021.
             Was an Elder of Okawaru.
             Slain by a killer bee (9 damage)
             ... on level 9 of the Dungeon.
             The game lasted 00:13:01 (14043 turns).

Zeld the Cruncher (Octopode Gladiator)             Turns: 14043, Time: 00:13:02

Health: 0/64       AC:  1    Str: 16    XL:     11   Next: 2%
Magic:  11/11      EV: 14    Int: 11    God:    Okawaru [****..]
Gold:   485        SH:  0    Dex: 14    Spells: 10/10 levels left

rFire    . . .     SeeInvis .   a - +5 quarterstaff
rCold    . . .     Faith    .   (shield currently unavailable)
rNeg     . . .     Spirit   .   b - +0 hat
rPois    .         Reflect  .   (no amulet)
rElec    .         Harm     .   d - ring of willpower
rCorr    .         Rampage  .   (no ring)
Will     +....                  (no ring)
Stlth    ++........             (no ring)
HPRegen  0.20/turn              (no ring)
MPRegen  0.12/turn              (no ring)
                                (no ring)
                                (no ring)

@: lethally poisoned (0 -> -6), very slightly contaminated, invisible
A: almost no armour, stealthy swim, amphibious, 8 rings, constrict 8, camouflage
1, gelatinous body 1
a: Renounce Religion, Heroism


You were on level 9 of the Dungeon.
You worshipped Okawaru.
Okawaru was greatly pleased with you.
You visited 2 branches of the dungeon, and saw 10 of its levels.
You also visited: Sewer.

You collected 485 gold pieces.

Inventory:

Hand Weapons
 a - a +5 quarterstaff (weapon)
Missiles
 c - 6 throwing nets
 q - 80 poisoned darts (quivered)
 w - 9 silver javelins
 x - 8 boomerangs
Armour
 b - a +0 hat (worn)
Jewellery
 d - a ring of willpower (left tentacle)
Wands
 l - a wand of iceblast (7)
 o - a wand of random effects (18)
 p - a wand of polymorph (7)
 y - a wand of flame (35)
Scrolls
 f - a scroll of fear
 h - a scroll of teleportation
 k - 7 scrolls of remove curse
 n - a scroll of identify
 t - 3 scrolls of amnesia
 u - 2 scrolls of magic mapping
Potions
 e - a potion of invisibility
 i - 3 potions of flight
 m - 2 potions of berserk rage
 r - 3 potions of curing {unknown}
 s - a potion of degeneration {unknown}
 v - 2 potions of lignification {unknown}
 A - 2 potions of magic {unknown}


   Skills:
 - Level 2.0 Fighting
 - Level 14.0 Staves
 * Level 8.4 Throwing
 - Level 3.0 Dodging


You had 10 spell levels left.
You didn't know any spells.
Your spell library was empty.

Dungeon Overview and Level Annotations

Branches:
Dungeon (9/15)             Temple (1/1) D:4            Lair (0/6) D:8
  Sewer (visited)
    Orc: D:9-12

Altars:
Ashenzari
Cheibriados
Dithmenos
Fedhas
Gozag
Hepliaklqana
Kikubaaqudgha
Makhleb
Nemelex Xobeh
Okawaru
Qazlal
Ru
Sif Muna
Trog
Uskayaw
Vehumet
Wu Jian
Xom
Yredelemnul
Zin
The Shining One

Annotations:
D:6 exclusion: two-headed ogre


Innate Abilities, Weirdness & Mutations

You cannot wear most types of armour.
You are very stealthy in the water. (Stealth+)
You are amphibious.
You can wear up to eight rings at the same time.
You can use your tentacles to constrict eight enemies at once.
Your skin changes colour to match your surroundings (Stealth+).
Your rubbery body absorbs attacks. (AC +1, EV +1)


Message History

You are very lightly contaminated with residual magic.
As you read the scroll of fear, it crumbles to dust.
You assume a fearsome visage.
The killer bee looks frightened!
The killer bee resists with some effort.
The killer bee looks frightened!
The killer bee buzzes angrily.
The killer bee looks frightened!
The killer bee buzzes angrily.
The killer bee looks frightened!
The iguana looks frightened!
You feel sick.
You hear a shout!
The killer bee completely misses you.
You feel sick. The killer bee barely misses you. x2
You feel sick. The killer bee closely misses you.
You feel sick. The killer bee closely misses you.
You feel sick.
The killer bee buzzes angrily.
You feel sick. The killer bee closely misses you. The killer bee stings you.
* * * LOW HITPOINT WARNING * * *
The killer bee stings you!
You die...

#........#
#........#
#........######
#>.............
#..l.y.........
#..............
#....y:........
#@y......#
##########


You could see an iguana (wandering) and 3 killer bees.

Vanquished Creatures
  Harold (D:8)
  A boulder beetle (D:8)
  A two-headed ogre (D:9)
  Grinder (D:6)
  A slime creature (D:8)
  6 yaks
  A wyvern (D:8)
  A basilisk (D:8)
  4 water moccasins
  An ice beast (Sewer)
  An orc warrior (D:7)
  2 sky beasts (D:8)
  4 ogres
  2 centaurs (D:6)
  2 bullfrogs
  2 big kobolds
  A water moccasin zombie (D:7)
  A wyvern skeleton (D:7)
  A scorpion (D:8)
  A killer bee (D:9)
  4 wights (D:7)
  5 howler monkeys
  A centaur zombie (D:8)
  4 hounds
  A quasit (D:6)
  2 orc priests
  2 bullfrog skeletons
  2 iguanas
  2 orc wizards
  7 worker ants
  A worker ant zombie (D:6)
  14 adders
  5 gnolls
  A shadow imp (D:3)
  3 white imps
  An ooze (D:2)
  An adder zombie (D:8)
  4 worms
  3 dart slugs
  3 leopard geckos
  27 orcs
  13 bats
  6 giant cockroaches
  8 goblins
  8 hobgoblins
  18 jackals
  A quokka (D:3)
  A ball python (D:2)
  3 frilled lizards
  A giant cockroach zombie (D:6)
  18 kobolds
  A leopard gecko skeleton (D:5)
  A quokka skeleton (D:6)
  4 rats
211 creatures vanquished.

Vanquished Creatures (others)
  A fungus (D:8)
  18 plants (D:8)
19 creatures vanquished.

Grand Total: 230 creatures vanquished

Notes
Turn   | Place    | Note
-------+----------+-------------------------------------------
     0 | D:1      | Zeld the Octopode Gladiator began the quest for the Orb.
     0 | D:1      | Reached XP level 1. HP: 14/14 MP: 1/1
   159 | D:1      | Reached XP level 2. HP: 19/19 MP: 2/2
   866 | D:2      | Reached skill level 4 in Staves
   872 | D:2      | Reached XP level 3. HP: 18/24 MP: 3/3
  1558 | D:2      | Reached XP level 4. HP: 29/29 MP: 4/4
  2024 | D:3      | Reached skill level 5 in Staves
  2049 | D:3      | Found a basalt altar of Yredelemnul.
  2089 | D:3      | Found a snail-covered altar of Cheibriados.
  2338 | D:3      | Reached XP level 5. HP: 20/34 MP: 5/5
  2374 | D:4      | Found a staircase to the Ecumenical Temple.
  2383 | Temple   | Entered the Ecumenical Temple
  2600 | Temple   | Became a worshipper of Warmaster Okawaru
  3097 | D:3      | Reached skill level 6 in Staves
  3994 | D:3      | Reached XP level 6. HP: 28/39 MP: 6/6
  5064 | D:4      | Found a stormy altar of Qazlal.
  5166 | D:5      | Entered Level 5 of the Dungeon
  5170 | D:5      | Found a shadowy altar of Dithmenos.
  5202 | D:5      | Found a glowing drain.
  5225 | D:5      | Reached skill level 7 in Staves
  5475 | Sewer    | Entered a sewer
  5515 | Sewer    | Noticed Purgy
  5517 | Sewer    | Noticed Purgy
  5517 | Sewer    | Purgy changed into Purgy the ice beast
  5554 | Sewer    | Killed Purgy the ice beast
  5691 | D:5      | Reached * piety under Okawaru
  5692 | D:5      | Reached skill level 8 in Staves
  5692 | D:5      | Reached XP level 7. HP: 37/45 MP: 7/7
  6873 | D:6      | Reached skill level 9 in Staves
  6873 | D:6      | Noticed Grinder
  7119 | D:6      | Reached XP level 8. HP: 43/50 MP: 8/8
  7432 | D:6      | Noticed a two-headed ogre
  7712 | D:6      | Reached skill level 10 in Staves
  7891 | D:6      | Killed Grinder
  7891 | D:6      | Reached ** piety under Okawaru
  8222 | D:7      | Reached skill level 11 in Staves
  8333 | D:7      | Reached XP level 9. HP: 44/54 MP: 9/9
  8456 | D:7      | Found a hide-covered altar of Uskayaw.
  8459 | D:7      | Found a bloodstained altar of Trog.
  9274 | D:7      | Found a sacrificial altar of Ru.
  9497 | D:7      | Reached skill level 12 in Staves
  9830 | D:8      | Found a staircase to the Lair.
  9940 | D:8      | Reached *** piety under Okawaru
  9946 | D:8      | Reached skill level 13 in Staves
 10634 | D:8      | Reached XP level 10. HP: 19/60 MP: 7/10
 11547 | D:8      | Reached skill level 14 in Staves
 11621 | D:8      | Noticed Harold
 12340 | D:8      | Noticed a boulder beetle
 12778 | D:8      | Killed a boulder beetle
 12778 | D:8      | Received a gift from Okawaru
 12779 | D:8      | Reached skill level 5 in Throwing
 12963 | D:8      | Killed Harold
 12963 | D:8      | Reached **** piety under Okawaru
 13846 | D:9      | Found a bloodstained altar of Trog.
 13885 | D:9      | Noticed a two-headed ogre
 13896 | D:9      | Killed a two-headed ogre
 13897 | D:9      | Reached XP level 11. HP: 48/64 MP: 11/11
 14043 | D:9      | Slain by a killer bee

Illustrated notes

Levels and vault maps discovered:
D:1:      dpeg_arrival_arbitrary_c, layout_basic
D:2:      layout_basic, serial_bayou_pond_b
D:3:      layout_loops_ring, yredelemnul_altar_generic, lemuel_doored_altar,
          minmay_joined_circles
D:4:      layout_rooms, marbit_many_paths, minmay_temple_entry_crystal_x,
          corexii_shack
D:5:      layout_loops_ring, kennysheep_mini, gup_sewer_entry_glass
D:6:      hangedman_cross_stitches, layout_gridville, uniq_grinder
D:7:      layout_basic, nicolae_overflow_hidden_temple,
          nicolae_overflow_crystal_walls, basic_altar, kennysheep_minor_cross,
          hangedman_abyss_or_decor_stabs
D:8:      layout_cave_pods, minmay_lair_entry_grove, minmay_diamond_spiral,
          uniq_harold
D:9:      layout_basic, elyvilon_altar_1, overflow_temple_1_default,
          gammafunk_ghost_grave, nemelex_spade_bored_becter
Temple:   eino_temple_lava

Skill      XL: |  1  2  3  4  5  6  7  8  9 10 |
---------------+-------------------------------+-----
Staves         | 4 5 6 8 9 11 13 14 | 14.0
Throwing       | 8 |  8.4
Fighting       | |  2.0
Dodging        | |  3.0

Action                   |  1- 3 |  4- 6 |  7- 9 | 10-12 || total
-------------------------+-------+-------+-------+-------++-------
Melee: Quarterstaff      |    53 |   183 |   185 |    94 ||   515
       Constrict         |    15 |    50 |    34 |    15 ||   114
       Tentacles         |    10 |    39 |    43 |    22 ||   114
       Punch             |       |       |     1 |     1 ||     2
Throw: Dart              |       |       |       |    18 ||    18
Invok: Heroism           |       |       |     8 |     4 ||    12
Evoke: Wand              |       |     1 |       |       ||     1
  Use: Scroll            |       |    19 |     6 |     6 ||    31
       Potion            |       |     2 |     1 |     3 ||     6
 Stab: Sleeping          |     8 |     4 |     4 |       ||    16
       Distracted        |       |       |     1 |     2 ||     3
Armor: Skin              |     2 |    15 |     5 |     3 ||    25
Dodge: Dodged            |    34 |   128 |    99 |    36 ||   297
